Map: Bastion of the Conclave

Players

ChrisO

  • Race: Zerg Zerg
  • Spawn Location: 0:00

DemonSlayer

  • Race: Zerg Zerg
  • League: Gold
  • Spawn Location: 12:00

Stephan - Winner!

  • Race: Terran Terran
  • League: Diamond
  • Spawn Location: 6:00

Tingmore

  • Race: Protoss Protoss
  • Spawn Location: 12:00

shunmanFan - Winner!

  • Race: Terran Terran
  • League: Bronze
  • Spawn Location: 6:00

A.I. 5 (Elite) - Winner!

  • Race: Zerg Zerg
  • Spawn Location: 6:00

VOD

Have the link to the VOD?

Description

Time

  • Played on: Nov. 17, 2024, 4:28 a.m.
  • Length: 21:24
Show
View Real Time Build Order
Export as new Build Order

ChrisO Zerg 

Build Orders: Hatch First 

Get SALT Encoding   

  12  0:01  Drone  
  13  0:13  Overlord  
  13  0:18  Drone  
  14  0:23  Extractor  
  14  0:24  Drone  
  15  0:55  Drone  
  16  0:57  Hatchery, Drone  
  16  1:13  Extractor  
  15  1:20  Spawning Pool  
  15  1:22  Drone x2  
  16  1:32  Drone  
  17  1:39  Drone  
  18  1:50  Overlord  
  18  1:58  Drone  
  19  2:07  Queen  
  21  2:09  Queen  
  21  2:15  Drone x2  
  25  2:20  Metabolic Boost  
  25  2:32  Zergling x2  
  25  2:33  Zergling x6  
  28  3:01  Zergling x2  
  28  3:02  Zergling x8  
  33  3:27  Overlord  
  33  3:28  Drone x3  
  33  3:33  Extractor  
  34  4:00  Zergling x10  
  34  4:01  Zergling x8  
  43  4:05  Overlord x2  
  43  4:06  Overlord  
  35  4:32  Drone x2  
  35  4:33  Drone x2  
  35  4:36  Lair  
  31  4:55  Drone x3  
  31  4:56  Drone x2  
  36  5:04  Extractor  
  35  5:14  Baneling Nest  
  34  5:20  Queen  
  36  5:24  Drone  
  36  5:25  Drone x3  
  36  5:26  Drone x3  
  43  5:45  Zergling x6  
  46  5:50  Hatchery  
  46  5:53  Hatchery  
  44  6:03  Drone  
  45  6:04  Drone x6  
  45  6:07  Extractor  
  45  6:09  Burrow  
  45  6:20  Queen  
  46  6:51  Spore Crawler  
  45  6:57  Drone x3  
  45  6:58  Drone x5  
  53  7:20  Drone, Pneumatized Carapace  
  53  7:21  Drone  
  55  7:32  Spire, Centrifugal Hooks  
  55  7:34  Overlord  
  55  7:35  Drone  
  55  7:36  Drone x9  
  62  7:55  Spore Crawler  
  60  8:02  Drone x6, Overlord x2  
  60  8:03  Overlord, Spore Crawler  
  60  8:04  Drone x4  
  60  8:05  Drone  
  70  8:25  Infestation Pit  
  69  8:30  Evolution Chamber  
  69  8:32  Evolution Chamber  
  67  8:34  Drone  
  67  8:35  Drone x5, Overlord x4  
  73  8:47  Extractor  
  72  8:50  Extractor  
  71  9:01  Hatchery, Spine Crawler  
  69  9:04  Zergling x4  
  69  9:05  Zergling x24  
  64  9:41  Overseer  
  64  9:42  Overseer  
  53  10:01  Drone  
  53  10:02  Drone x3  
  53  10:03  Drone x7  
  53  10:04  Drone x2  
  53  10:05  Drone x7  
  53  10:06  Zerg Flyer Weapons Level 1  
  66  10:09  Hive  
  66  10:12  Drone  
  66  10:13  Drone x3  
  70  10:19  Queen  
  72  10:23  Queen  
  72  10:27  Queen  
  76  10:42  Spore Crawler  
  75  10:43  Zerg Melee Weapons Level 1  
  75  10:44  Zerg Ground Armor Level 1  
  75  11:27  Mutalisk x3  
  75  11:28  Mutalisk x12  
  75  11:29  Mutalisk  
  107  12:01  Zerg Flyer Armor Level 1  
  64  12:55  Mutalisk  
  64  12:56  Mutalisk x6  
  64  12:57  Mutalisk x10  
  95  13:27  Zergling x8  
  95  13:28  Zergling x10  
  39  14:10  Mutalisk x3  
  39  14:11  Mutalisk x5  
  46  15:05  Zergling x2  
  46  15:06  Zergling x14  
  54  15:08  Overlord x2  
Show
View Real Time Build Order
Export as new Build Order

DemonSlayer Zerg 

Build Orders: Hatch First 

Get SALT Encoding   

  12  0:03  Drone  
  13  0:11  Drone  
  14  0:17  Drone, Extractor  
  15  0:41  Hatchery  
  14  0:45  Extractor  
  14  0:46  Drone  
  15  0:51  Overlord  
  15  1:08  Spawning Pool  
  15  1:11  Drone  
  15  1:14  Drone  
  16  1:19  Drone  
  16  1:25  Drone  
  18  1:33  Drone  
  19  1:45  Drone  
  20  1:47  Extractor  
  19  1:55  Queen x2  
  19  1:57  Drone  
  19  1:59  Drone  
  25  2:07  Drone x2  
  27  2:16  Overlord  
  27  2:20  Overlord  
  27  2:28  Zergling x2  
  27  2:43  Zergling x6  
  30  2:46  Metabolic Boost  
  30  2:53  Drone  
  30  2:54  Drone  
  32  3:14  Drone x5  
  32  3:15  Drone  
  32  3:16  Overlord  
  38  3:28  Queen x2  
  38  3:31  Drone x2  
  44  3:35  Roach Warren  
  44  3:36  Drone  
  44  3:37  Overlord  
  44  3:48  Drone x4  
  48  3:56  Drone  
  48  3:57  Drone x3  
  48  4:01  Extractor  
  51  4:03  Extractor  
  51  4:04  Lair  
  51  4:09  Queen  
  52  4:10  Extractor  
  52  4:12  Drone  
  52  4:13  Drone x2  
  54  4:17  Drone  
  55  4:32  Drone x2  
  55  4:33  Drone  
  55  4:34  Zergling x2  
  55  4:35  Zergling x2  
  55  4:37  Overlord x2  
  60  4:58  Queen  
  62  5:00  Hatchery, Zergling x2  
  62  5:01  Zergling x14  
  62  5:03  Zergling x2  
  70  5:09  Pneumatized Carapace  
  71  5:14  Drone x2  
  71  5:19  Zergling x2  
  73  5:34  Queen  
  75  5:47  Drone, Overlord  
  75  5:48  Overlord x5  
  76  5:55  Overlord x2  
  76  6:05  Queen  
  78  6:29  Hatchery x2  
  76  6:39  Hatchery  
  75  6:48  Hatchery  
  75  6:52  Zergling x2  
  75  6:53  Zergling x18  
  84  7:04  Evolution Chamber x2  
  82  7:10  Zergling x12  
  75  7:25  Zergling x2  
  75  7:26  Zergling x14  
  62  7:55  Zergling x10  
  62  7:56  Zergling x10  
  72  8:10  Drone x3  
  75  8:13  Drone x2  
  75  8:18  Zergling x2  
  75  8:19  Zergling x20  
  88  8:23  Zerg Melee Weapons Level 1  
  88  8:25  Zerg Ground Armor Level 1  
  88  8:28  Glial Reconstitution  
  88  8:34  Baneling Nest  
  88  8:38  Infestation Pit  
  86  8:49  Zergling x2  
  86  8:50  Zergling x14  
  94  9:07  Zergling x2  
  94  9:08  Zergling x14  
  102  9:18  Drone x5  
  102  9:19  Drone  
  106  9:32  Zergling x2  
  106  9:33  Zergling x14  
  106  9:34  Zergling x2  
  114  9:41  Drone x2  
  114  9:42  Drone  
  114  9:43  Drone  
  117  9:52  Drone, Zergling x8  
  122  9:53  Zergling x4  
  122  9:59  Centrifugal Hooks  
  119  10:16  Drone x3  
  119  10:17  Drone x3  
  125  10:25  Baneling  
  125  10:26  Baneling x29  
  125  10:27  Baneling x10  
  125  10:28  Baneling  
  125  10:58  Zergling x18  
  125  10:59  Zergling x34  
  125  11:03  Drone x4  
  155  11:05  Drone x2  
  157  11:14  Hatchery  
  156  11:19  Hive  
  156  11:22  Zerg Melee Weapons Level 2  
  156  11:24  Zerg Ground Armor Level 2  
  115  11:43  Zergling x18  
  115  11:44  Zergling x18  
  101  12:13  Zergling x2  
  101  12:14  Zergling x32  
  101  12:15  Zergling x14  
  125  12:30  Adrenal Glands  
  125  12:33  Zergling x10  
  125  12:34  Zergling x18  
  123  12:43  Zergling x14  
  123  12:44  Zergling x8  
  126  12:55  Drone x6  
  132  13:09  Ultralisk Cavern  
  129  13:16  Hydralisk Den  
  96  13:36  Zergling x20  
  96  13:37  Zergling x42  
  106  13:46  Queen x4  
  108  14:01  Ultralisk  
  102  14:09  Drone x2  
  99  14:16  Ultralisk  
  113  14:17  Ultralisk x2  
  59  15:03  Spire  
  49  15:19  Spawning Pool  
  48  15:44  Hatchery  
  48  15:45  Hatchery  
  48  15:49  Hatchery  
  45  15:51  Drone  
  45  15:52  Drone x5  
  51  16:06  Lair  
  51  16:11  Extractor  
  50  16:12  Extractor  
  48  16:19  Mutalisk x4  
  48  16:21  Zerg Flyer Weapons Level 1  
  48  16:29  Extractor  
  48  16:31  Extractor  
  43  16:35  Drone x2  
  45  16:45  Mutalisk  
  45  16:46  Mutalisk  
  49  17:03  Mutalisk x4  
  57  17:11  Mutalisk  
  57  17:12  Mutalisk  
  61  17:20  Mutalisk x2  
  65  17:23  Queen x2  
  69  17:40  Mutalisk  
  69  17:41  Mutalisk x3  
  77  17:56  Mutalisk x2  
  75  18:12  Mutalisk x4  
  71  18:13  Mutalisk x9  
  77  18:23  Queen x4  
  85  18:30  Mutalisk x4  
  85  18:31  Mutalisk  
  95  18:37  Mutalisk  
  95  18:38  Mutalisk x10  
  117  18:41  Zerg Flyer Weapons Level 2  
  117  18:54  Mutalisk x5  
  125  19:00  Mutalisk  
  125  19:01  Mutalisk x4  
  135  19:07  Mutalisk  
  135  19:08  Mutalisk x2  
  105  19:42  Mutalisk x7  
Show
View Real Time Build Order
Export as new Build Order

Stephan Terran - Winner!

Build Orders: Reaper Expand 

Get SALT Encoding   

  12  0:00  SCV  
  13  0:13  SCV  
  14  0:22  Supply Depot  
  14  0:25  SCV  
  15  0:43  SCV  
  15  0:46  Barracks  
  16  0:53  Refinery  
  16  0:58  SCV  
  17  1:10  SCV  
  18  1:22  SCV  
  19  1:35  Reaper, Orbital Command  
  20  1:51  Command Center  
  20  2:03  SCV  
  20  2:07  Marine  
  22  2:17  SCV  
  22  2:21  Factory, Refinery  
  23  2:29  Barracks Reactor  
  23  2:46  SCV  
  23  3:03  SCV  
  23  3:05  Supply Depot  
  24  3:08  Orbital Command  
  24  3:12  Marine x2  
  26  3:15  SCV, Widow Mine  
  26  3:17  Starport  
  29  3:27  SCV  
  29  3:30  Marine x2  
  32  3:38  Widow Mine  
  32  3:39  SCV x2  
  36  3:47  Marine  
  36  3:48  Marine  
  38  3:50  Supply Depot  
  38  3:51  SCV  
  38  3:52  SCV  
  38  3:54  Medivac  
  42  4:01  Factory Tech Lab  
  42  4:03  SCV  
  42  4:04  SCV  
  42  4:05  Marine x2  
  46  4:22  SCV x2  
  45  4:25  Marine x2  
  45  4:26  Siege Tank  
  45  4:27  Liberator  
  53  4:34  SCV  
  53  4:36  Supply Depot  
  54  4:52  Command Center  
  54  4:55  Barracks  
  54  4:57  Engineering Bay, SCV, Barracks  
  54  4:59  SCV, Engineering Bay  
  56  5:05  Supply Depot  
  54  5:26  Marine x2  
  56  5:29  Siege Tank  
  56  5:35  Starport Tech Lab  
  55  5:44  Marine x2  
  55  5:46  SCV x2  
  59  5:52  Terran Infantry Weapons Level 1, Terran Infantry Armor Level 1  
  59  5:55  Refinery  
  59  5:56  Refinery  
  59  5:57  Supply Depot  
  59  5:58  SCV x2  
  59  6:02  Marine x2  
  63  6:06  Siege Tank  
  63  6:07  Starport Reactor  
  63  6:10  SCV  
  63  6:11  Marine x2  
  67  6:13  Stimpack  
  67  6:14  Barracks x2  
  69  6:19  Marine  
  69  6:20  Supply Depot  
  69  6:21  SCV  
  69  6:22  SCV, Orbital Command  
  72  6:27  Marine  
  72  6:29  Marine  
  74  6:35  SCV x2  
  76  6:46  Marine x2  
  77  6:47  SCV x2, Marine  
  81  6:55  Medivac x2  
  81  6:56  SCV  
  81  6:58  Factory Reactor  
  81  6:59  SCV x2  
  81  7:01  Refinery  
  88  7:04  Marine  
  88  7:06  Missile Turret  
  88  7:07  Marine  
  88  7:08  SCV, Marauder, Barracks Tech Lab  
  94  7:10  Sensor Tower  
  94  7:15  SCV x2  
  95  7:17  Barracks Reactor  
  95  7:18  Barracks Reactor  
  95  7:20  SCV  
  94  7:28  Missile Turret  
  82  7:33  Marine, Marauder  
  80  7:47  Marine  
  80  7:49  Combat Shield  
  81  7:51  Marine  
  81  7:52  Marauder, Concussive Shells  
  81  7:54  Marine  
  81  7:56  Widow Mine x2  
  81  7:58  SCV x2  
  88  8:00  Armory  
  88  8:01  Factory  
  88  8:03  SCV  
  89  8:05  Marine  
  89  8:08  Refinery  
  89  8:09  Marine x2  
  89  8:10  SCV x2, Marine x3  
  99  8:13  Marauder x2  
  99  8:15  Command Center  
  101  8:25  Supply Depot  
  101  8:28  Supply Depot  
  101  8:31  Marine x2  
  101  8:32  SCV, Medivac x2, Supply Depot  
  108  8:37  Marine  
  109  8:47  SCV, Marine, Widow Mine, Marauder x2  
  117  8:50  SCV, Marine  
  117  8:55  Missile Turret  
  119  8:59  Supply Depot  
  119  9:00  Supply Depot  
  119  9:03  SCV x3  
  119  9:04  Supply Depot  
  119  9:06  Marine x2, Terran Infantry Armor Level 2, Terran Infantry Weapons Level 2  
  119  9:09  Marauder x2  
  128  9:15  SCV, Missile Turret  
  128  9:25  Marine x4  
  128  9:26  Marine x2  
  128  9:29  Marine x2  
  136  9:36  Missile Turret  
  130  9:43  Marine x4  
  130  9:44  Marine x2  
  135  9:45  Medivac  
  135  9:46  Medivac  
  135  9:48  Marauder x2  
  138  10:01  Marine x5  
  138  10:02  Command Center  
  133  10:09  Marauder x2  
  137  10:18  Missile Turret x2  
  133  10:28  Medivac  
  132  11:00  Supply Depot  
  132  11:04  Supply Depot  
  132  11:06  Supply Depot  
  132  11:07  Supply Depot  
  132  11:08  Supply Depot  
  132  11:13  Marine  
  132  11:16  Supply Depot  
  132  11:17  Supply Depot x2  
  132  11:18  Supply Depot x2  
  133  11:22  Marine x4, Medivac, Marauder  
  141  11:26  Marine x2  
  141  11:31  Marine  
  144  11:39  Marine, Missile Turret  
  144  11:40  Marauder, Missile Turret  
  144  11:42  Missile Turret x2  
  144  11:44  Marauder  
  153  11:47  Widow Mine x2, Factory Tech Lab  
  151  12:11  Marine x7  
  151  12:12  Marauder  
  160  12:21  Widow Mine x2  
  160  12:22  Drilling Claws, Widow Mine  
  166  12:26  Orbital Command  
  168  12:30  Marauder  
  168  12:42  SCV  
  169  12:46  Marine  
  169  12:47  Marine x4, Marauder  
  169  12:51  Marauder  
  178  13:05  Marine x6  
  179  13:08  Marine  
  179  13:12  Marauder  
  187  13:23  Marine x2  
  189  13:34  Marine  
  189  13:35  Marine x2  
  189  13:36  Marine  
  189  13:37  Marauder  
  189  13:38  Marauder  
  189  13:57  Marine x2  
  189  13:59  Marine x2  
  189  14:00  Marine x2  
  189  14:01  Marine  
  189  14:02  Medivac  
  189  14:05  Widow Mine  
  189  14:07  Widow Mine  
  188  14:14  Marine  
  189  14:22  Supply Depot  
  189  14:25  Marine x5, Siege Tank  
  189  14:29  Terran Infantry Armor Level 3  
  189  14:30  Terran Infantry Weapons Level 3  
  197  14:36  Refinery  
  197  14:39  Command Center  
  197  14:43  Missile Turret  
  197  14:44  Marauder, Missile Turret  
  197  14:45  Supply Depot  
  199  14:58  Marine  
  200  15:06  Widow Mine  
  199  15:07  Medivac x2  
  199  15:09  Marauder  
  199  15:10  Widow Mine  
  172  15:25  Marine x4  
  172  15:26  Marine x3  
  174  15:30  Marine  
  167  15:38  Medivac  
  167  15:39  Missile Turret  
  167  15:42  Missile Turret  
  165  15:43  Marine, Missile Turret  
  165  15:44  Marine, Medivac  
  120  18:15  Command Center  
  120  18:18  Supply Depot  
  120  18:20  Supply Depot x3  
  120  18:22  Supply Depot  
  120  18:27  Command Center  
  120  18:29  Supply Depot  
  120  18:31  Supply Depot  
  120  18:41  Marine x4  
  120  18:42  Marine x2, Medivac x2, Marauder x2  
  120  18:48  Supply Depot  
  124  18:50  Supply Depot  
  116  18:59  Marine x6  
  120  19:03  Marine x2  
  122  19:12  Medivac x2  
  126  19:17  Marine x4  
  130  19:42  Medivac x2  
  131  20:15  Medivac x2  
  135  20:45  Medivac x2  
Show
View Real Time Build Order
Export as new Build Order

Tingmore Protoss 

Build Orders: 1 Gate Expand 

Get SALT Encoding   

  12  0:00  Probe  
  13  0:12  Probe  
  14  0:20  Pylon  
  14  0:24  Probe  
  15  0:38  Probe (Chrono Boost)  
  15  0:41  Gateway  
  17  0:50  Probe (Chrono Boost)  
  17  0:51  Assimilator  
  17  0:55  Probe (Chrono Boost)  
  18  1:04  Probe (Chrono Boost)  
  19  1:14  Probe (Chrono Boost)  
  20  1:19  Probe (Chrono Boost)  
  21  1:35  Nexus  
  21  1:44  Cybernetics Core  
  21  1:49  Pylon  
  21  1:51  Assimilator  
  21  1:54  Probe  
  22  2:06  Probe (Chrono Boost)  
  24  2:16  Probe (Chrono Boost)  
  24  2:21  Probe (Chrono Boost), Stargate  
  24  2:51  Probe  
  25  3:03  Probe  
  26  3:11  Void Ray  
  30  3:15  Probe  
  30  3:18  Nexus  
  31  3:22  Probe  
  32  3:27  Probe  
  32  3:30  Pylon  
  33  3:34  Probe  
  33  3:39  Probe  
  35  3:49  Probe  
  35  3:51  Probe  
  35  3:54  Void Ray  
  41  4:01  Probe  
  42  4:03  Probe  
  43  4:10  Pylon  
  43  4:13  Probe  
  43  4:14  Assimilator  
  43  4:15  Probe  
  45  4:18  Assimilator  
  45  4:25  Probe  
  45  4:28  Probe  
  47  4:33  Pylon  
  47  4:37  Void Ray  
  47  4:38  Probe  
  52  4:50  Probe x3  
  55  5:02  Forge, Probe x3, Cybernetics Core  
  55  5:06  Pylon  
  58  5:14  Fleet Beacon  
  53  5:23  Probe  
  55  5:35  Probe  
  55  5:40  Stargate  
  59  5:43  Void Ray  
  59  5:44  Stargate  
  59  5:47  Probe  
  60  5:51  Probe x2  
  62  5:57  Protoss Shields Level 1  
  62  5:58  Flux Vanes  
  62  5:59  Probe  
  62  6:03  Probe x2  
  65  6:12  Probe  
  65  6:15  Probe x2, Protoss Air Weapons Level 1 (Chrono Boost)  
  65  6:16  Protoss Air Armor Level 1 (Chrono Boost)  
  68  6:21  Assimilator  
  68  6:24  Probe  
  68  6:25  Assimilator  
  69  6:26  Pylon  
  69  6:27  Probe x2  
  69  6:29  Pylon  
  71  6:36  Probe  
  71  6:39  Probe  
  77  6:45  Void Ray  
  77  6:48  Probe  
  77  6:51  Pylon  
  77  6:52  Pylon  
  82  6:59  Void Ray  
  82  7:00  Probe  
  87  7:03  Void Ray  
  91  7:28  Void Ray  
  99  7:55  Void Ray x2  
  99  8:03  Stargate  
  99  8:04  Stargate  
  99  8:06  Twilight Council  
  99  8:14  Photon Cannon  
  99  8:18  Photon Cannon, Pylon  
  99  8:19  Pylon  
  103  8:21  Void Ray  
  103  8:22  Protoss Shields Level 2  
  103  8:24  Photon Cannon  
  103  8:28  Photon Cannon  
  103  8:40  Protoss Air Weapons Level 2 (Chrono Boost), Photon Cannon  
  103  8:41  Protoss Air Armor Level 2 (Chrono Boost)  
  103  8:44  Photon Cannon  
  119  8:55  Void Ray  
  119  8:56  Void Ray x2  
  119  8:58  Void Ray  
  123  9:06  Pylon  
  123  9:07  Void Ray, Pylon  
  123  9:09  Pylon  
  131  9:38  Void Ray  
  131  9:39  Void Ray  
  143  9:50  Void Ray  
  143  9:51  Void Ray x2  
  159  10:55  Void Ray x4  
  159  10:56  Void Ray  
  163  11:11  Protoss Air Weapons Level 3 (Chrono Boost)  
  163  11:13  Protoss Air Armor Level 3 (Chrono Boost), Protoss Shields Level 3 (Chrono Boost)  
  163  11:29  Pylon x2  
  163  11:31  Pylon  
  163  11:32  Pylon  
  163  11:34  Pylon  
  163  11:35  Pylon x2  
  163  11:43  Assimilator  
  163  11:46  Assimilator  
  163  11:48  Pylon  
  163  11:51  Pylon  
  163  11:54  Pylon  
  163  11:57  Pylon  
  179  12:25  Void Ray x5  
  199  13:08  Void Ray x5  
  106  13:51  Void Ray x5  
  114  14:34  Void Ray x3  
  114  14:52  Void Ray  
Show
View Real Time Build Order
Export as new Build Order

shunmanFan Terran - Winner!

Build Orders:  

Get SALT Encoding   

  12  0:01  SCV  
  13  0:14  Supply Depot  
  13  0:18  SCV  
  14  0:37  Barracks  
  14  0:44  Refinery  
  14  0:46  SCV  
  15  1:01  Barracks  
  15  1:04  SCV  
  16  1:23  Orbital Command  
  16  1:28  Reaper  
  17  1:35  Refinery  
  17  1:49  SCV  
  17  1:52  Reaper  
  19  1:58  Supply Depot  
  19  2:01  SCV  
  19  2:08  Reaper  
  21  2:15  SCV  
  22  2:27  SCV  
  21  2:59  SCV  
  22  3:12  SCV  
  23  3:13  Barracks Reactor  
  23  3:15  Barracks Reactor  
  23  3:17  Command Center  
  23  3:24  SCV  
  23  3:25  Supply Depot  
  24  3:47  SCV  
  25  3:52  Marine x4  
  29  3:56  Engineering Bay  
  29  3:59  SCV  
  30  4:09  Marine  
  30  4:10  Marine x2  
  33  4:25  Marine  
  33  4:27  SCV, Marine  
  33  4:28  Marine x2  
  33  4:29  Terran Infantry Weapons Level 1  
  37  4:39  SCV  
  37  4:43  Refinery  
  38  4:45  Bunker  
  38  4:51  SCV  
  39  4:53  Marine x4  
  43  5:02  Orbital Command  
  43  5:03  SCV  
  44  5:09  Factory  
  44  5:11  Factory  
  44  5:15  SCV  
  45  5:24  Marine x4  
  45  5:27  SCV, Supply Depot  
  50  5:29  SCV  
  50  5:30  Supply Depot  
  51  5:40  SCV  
  51  5:41  SCV  
  53  5:49  Missile Turret  
  53  5:52  SCV, Supply Depot  
  53  5:53  SCV  
  53  5:55  Factory Tech Lab x2  
  55  5:58  Supply Depot  
  55  6:00  Armory  
  55  6:09  Refinery  
  55  6:10  SCV x2, Missile Turret  
  57  6:22  SCV x2  
  59  6:34  SCV x2  
  61  6:43  Marine x4  
  61  6:46  SCV x2  
  61  6:47  Terran Infantry Weapons Level 2  
  67  6:48  Terran Vehicle Weapons Level 1  
  67  6:49  Thor  
  73  6:58  SCV x2  
  75  7:07  Supply Depot  
  75  7:09  Supply Depot  
  75  7:14  SCV x2  
  77  7:16  Thor  
  70  7:49  Thor  
  74  8:06  Thor  
  74  8:07  Command Center  
  80  8:19  Missile Turret  
  80  8:25  Supply Depot  
  80  8:31  Thor  
  80  8:32  Marine x2  
  80  8:33  Marine x2  
  90  8:42  Terran Vehicle Weapons Level 2  
  90  8:46  SCV x2  
  92  8:52  Missile Turret  
  92  8:54  Supply Depot  
  92  8:57  Marine x2  
  92  9:00  Thor  
  100  9:11  Missile Turret  
  100  9:22  Thor  
  106  9:25  Marine x4  
  110  9:44  Thor, Supply Depot  
  110  9:45  Supply Depot  
  116  9:46  Marine x4  
  120  9:52  Supply Depot  
  120  9:53  Supply Depot  
  120  9:58  Refinery  
  120  9:59  Refinery  
  120  10:13  Terran Infantry Weapons Level 3  
  120  10:18  Supply Depot  
  120  10:20  Supply Depot  
  120  10:33  Factory  
  120  10:35  Thor  
  120  10:36  Factory  
  126  10:54  Orbital Command  
  126  11:01  Missile Turret  
  126  11:02  Missile Turret  
  126  11:11  Terran Vehicle Weapons Level 3  
  126  11:17  Missile Turret  
  126  11:22  Missile Turret  
  126  11:25  Missile Turret  
  126  11:26  Missile Turret  
  126  11:30  Factory Tech Lab x2  
  126  11:33  Thor x2  
  126  11:35  Marine x2  
  140  11:43  Missile Turret  
  140  11:44  Missile Turret  
  140  12:01  Thor x2  
  130  12:57  Marine x4  
  134  12:59  Thor x4  
  156  13:14  Marine  
  156  13:16  SCV x2  
  156  13:17  SCV  
  160  13:25  Marine x2  
  160  13:26  Marine  
  163  13:32  Marine  
  126  13:42  Thor x3  
  126  13:43  Marine  
  126  13:47  SCV  
  146  13:57  Terran Vehicle And Ship Armor Level 1  
  146  13:58  Terran Infantry Armor Level 1  
  146  14:05  Marine x4  
  146  14:06  Thor  
  156  14:10  SCV x2  
  156  14:15  Command Center  
  158  14:23  Marine x4  
  162  14:40  Marine  
  162  14:41  Marine x3  
  166  14:52  Thor x2  
  178  14:55  Thor  
  178  14:58  SCV x2, Marine  
  181  15:27  Thor, Marine x4  
  191  15:45  Marine x3  
  194  16:04  Refinery  
  194  16:45  Marine x2  
  196  17:04  Marine  
  196  17:07  Marine  
  196  17:08  Marine  
  195  17:09  Marine  
  193  17:18  Thor  
  193  17:22  Marine  
  195  17:25  Marine  
  193  18:40  Missile Turret  
  193  18:41  Missile Turret  
  193  19:02  Missile Turret  
  193  19:03  Missile Turret  
  193  19:23  Missile Turret  
  193  19:25  Missile Turret  
  193  19:46  Missile Turret  
  193  19:49  Missile Turret  
  192  20:38  Missile Turret  
  192  20:42  Missile Turret  
  192  21:00  Missile Turret  
  192  21:04  Missile Turret  
  190  21:21  Missile Turret  
Show
View Real Time Build Order
Export as new Build Order

A.I. 5 (Elite) Zerg - Winner!

Build Orders: Pool First 

Get SALT Encoding   

  12  0:01  Drone  
  13  0:12  Overlord  
  13  0:18  Drone  
  14  0:31  Drone x2  
  14  0:34  Drone  
  17  0:48  Spawning Pool  
  17  0:49  Drone  
  17  1:13  Hatchery  
  17  1:14  Drone  
  17  1:17  Extractor  
  16  1:19  Drone  
  16  1:23  Extractor  
  16  1:26  Drone  
  16  1:30  Drone  
  18  1:38  Drone  
  19  1:49  Overlord  
  19  1:57  Queen  
  21  2:02  Zergling x2  
  22  2:11  Drone  
  23  2:25  Queen  
  23  2:28  Drone  
  26  2:36  Drone  
  27  2:42  Drone  
  28  2:46  Drone  
  29  3:01  Roach Warren  
  29  3:02  Drone  
  29  3:05  Drone  
  29  3:09  Zergling x2  
  29  3:12  Zergling x2  
  32  3:18  Overlord  
  32  3:21  Drone  
  32  3:24  Drone  
  34  3:43  Roach x2  
  34  3:44  Roach x2  
  42  3:48  Zergling x2  
  42  3:49  Zergling x2  
  42  3:51  Overlord  
  42  3:55  Zergling x2  
  40  4:00  Zergling x2  
  30  4:06  Drone  
  27  4:12  Drone  
  28  4:19  Drone  
  29  4:25  Drone  
  29  4:41  Queen  
  28  4:46  Zergling x2  
  28  4:51  Drone  
  26  4:55  Drone  
  26  4:58  Drone  
  28  5:03  Zergling x2  
  29  5:09  Roach  
  31  5:15  Roach  
  31  5:20  Roach  
  35  5:25  Roach  
  37  5:36  Lair  
  38  5:50  Drone  
  38  5:54  Drone  
  38  5:56  Drone  
  40  6:00  Drone  
  40  6:03  Drone  
  42  6:06  Drone  
  42  6:09  Drone  
  44  6:15  Overlord  
  44  6:17  Drone  
  45  6:19  Drone  
  45  6:22  Drone  
  45  6:24  Drone  
  48  6:27  Drone  
  49  6:33  Drone, Roach  
  49  6:37  Overlord  
  49  6:38  Hydralisk Den  
  49  6:39  Drone  
  52  6:41  Drone  
  52  6:43  Drone  
  52  6:45  Drone  
  55  6:48  Drone  
  55  6:49  Drone  
  57  6:55  Drone, Roach  
  57  6:57  Overlord  
  57  6:59  Drone  
  61  7:02  Drone  
  61  7:03  Drone  
  61  7:05  Drone  
  61  7:07  Drone  
  61  7:08  Hydralisk  
  65  7:15  Overlord, Hydralisk  
  69  7:18  Hydralisk  
  69  7:20  Overseer  
  69  7:21  Hydralisk  
  73  7:24  Roach  
  75  7:33  Roach, Hydralisk  
  75  7:35  Spire  
  78  7:40  Overlord  
  78  7:43  Hydralisk  
  80  7:48  Evolution Chamber  
  80  7:50  Drone  
  80  7:58  Ravager, Evolution Chamber  
  81  8:00  Overlord  
  81  8:03  Roach  
  81  8:04  Ravager  
  83  8:06  Roach  
  83  8:08  Roach  
  83  8:11  Hydralisk  
  89  8:15  Zerg Missile Weapons Level 1  
  89  8:18  Hydralisk  
  91  8:21  Infestation Pit  
  91  8:23  Overlord  
  91  8:24  Zerg Ground Armor Level 1  
  90  8:32  Glial Reconstitution  
  90  8:33  Roach x2  
  94  8:39  Pneumatized Carapace  
  94  8:42  Spine Crawler, Overlord  
  94  8:48  Spine Crawler, Mutalisk  
  93  8:50  Drone  
  93  8:52  Hatchery  
  94  8:56  Drone  
  94  8:57  Infestor  
  94  8:59  Mutalisk  
  99  9:08  Extractor  
  99  9:09  Drone  
  99  9:14  Extractor  
  99  9:16  Baneling Nest  
  98  9:17  Drone  
  98  9:29  Mutalisk  
  98  9:30  Drone  
  98  9:31  Drone x2, Overlord  
  103  9:32  Spore Crawler  
  103  9:33  Drone  
  103  9:36  Drone x2  
  103  9:37  Drone  
  106  9:41  Mutalisk  
  108  9:51  Mutalisk  
  108  9:52  Overlord  
  110  10:01  Hatchery  
  110  10:06  Mutalisk  
  111  10:15  Baneling, Mutalisk  
  111  10:16  Zergling x2  
  114  10:23  Baneling  
  114  10:27  Zergling x2, Baneling  
  115  10:30  Baneling  
  115  10:31  Overlord, Mutalisk  
  117  10:42  Roach x3  
  123  10:43  Roach  
  123  10:49  Overlord  
  125  10:51  Mutalisk  
  125  10:55  Roach  
  125  10:56  Roach  
  131  11:02  Overseer  
  131  11:07  Zergling x2, Baneling  
  131  11:08  Roach x2, Overlord  
  131  11:11  Roach  
  138  11:19  Mutalisk  
  140  11:26  Overlord  
  140  11:28  Mutalisk  
  142  11:33  Baneling  
  133  11:40  Zergling x2, Hydralisk  
  133  11:41  Zergling x2  
  133  11:45  Hydralisk  
  99  11:48  Hydralisk  
  99  11:51  Hydralisk  
  103  11:56  Hydralisk  
  103  12:01  Hydralisk  
  105  12:07  Zergling x2, Baneling x2  
  108  12:08  Zergling x2, Baneling x2  
  108  12:14  Corruptor  
  111  12:24  Corruptor  
  113  12:38  Hive  
  109  13:18  Spore Crawler  
  108  13:21  Mutalisk  
  108  13:26  Zergling x2  
  111  13:33  Mutalisk  
  112  13:36  Zergling x2  
  102  13:46  Mutalisk  
  104  13:51  Queen, Greater Spire  
  104  13:53  Baneling  
  104  13:54  Zergling x2, Baneling  
  99  13:58  Hydralisk  
  99  14:02  Roach  
  94  14:03  Hydralisk  
  94  14:04  Roach, Hydralisk  
  94  14:05  Hydralisk  
  102  14:20  Baneling  
  102  14:21  Zergling x2, Baneling  
  103  14:34  Corruptor  
  105  14:43  Mutalisk  
  105  14:44  Zergling x2  
  82  14:57  Corruptor  
  75  15:01  Roach  
  75  15:04  Roach  
  77  15:14  Roach  
  77  15:15  Roach  
  77  15:16  Roach  
  83  15:24  Roach  
  85  15:33  Roach  
  87  15:39  Mutalisk  
  89  15:44  Mutalisk  
  91  15:51  Mutalisk  
  91  15:54  Roach  
  95  15:58  Roach  
  95  16:03  Hatchery  
  96  16:17  Mutalisk  
  98  16:24  Mutalisk  
  98  16:31  Hydralisk  
  87  16:39  Hydralisk  
  89  16:48  Hydralisk  
  83  16:56  Corruptor  
  77  17:15  Corruptor, Hydralisk  
  77  17:18  Zergling x2  
  77  17:20  Hydralisk  
  77  17:21  Zergling x2  
  75  17:26  Hatchery  
  74  17:34  Hydralisk  
  76  17:44  Overseer  
  76  18:40  Corruptor  
  78  18:57  Extractor  
  78  18:59  Mutalisk, Extractor  
  78  19:12  Hatchery  
  76  19:18  Mutalisk  
  76  19:20  Brood Lord  
  75  19:34  Mutalisk  
  73  19:52  Overlord x2  
  67  20:09  Overlord  
  67  20:11  Mutalisk  
  65  20:19  Overlord  
  65  20:21  Hatchery  
  59  20:23  Mutalisk  
  53  20:35  Mutalisk  
  53  20:36  Drone  
Tags
 
Add a new tag
Caveats
  • Supply blocks, unpowered buildings, or Contaminate may cause inaccurate times.
  • Supply counts are checked every 10 seconds.